[ PARTIDA AOE2 · #477522814 ]
Team RMPersas vs Mongols
[ ANÁLISIS DE REPETICIÓN · EXTRAÍDO DE LA PARTIDA GRABADA ]
Feudal
12:30
Castillos
18:25
Imperial
34:38
| APM promedio | 14.5 |
| APM pico | 32 |
| eAPM promedio | 10.7 |
| Aldeanos / militares | 143 / 292 |
Foco
⚔️ 24.6% · 🌾 75.4%
War Elephant ×208 · Scout Cavalry ×81 · Trade Cart ×22 · Monk ×3
Feudal
18:00
Castillos
23:43
Imperial
40:37
| APM promedio | 14.0 |
| APM pico | 38 |
| eAPM promedio | 12.0 |
| Aldeanos / militares | 88 / 238 |
Foco
⚔️ 48.6% · 🌾 51.4%
Samurai ×220 · Militia ×10 · Trade Cart ×8 · Trebuchet (Packed) ×8
Feudal
12:31
Castillos
17:16
Imperial
32:34
| APM promedio | 18.7 |
| APM pico | 48 |
| eAPM promedio | 10.5 |
| Aldeanos / militares | 114 / 339 |
Foco
⚔️ 30.9% · 🌾 69.1%
Longbowman ×329 · Trade Cart ×16 · Trebuchet (Packed) ×9 · Monk ×1
Feudal
14:02
Castillos
16:46
Imperial
35:42
| APM promedio | 35.4 |
| APM pico | 108 |
| eAPM promedio | 19.4 |
| Aldeanos / militares | 125 / 345 |
Foco
⚔️ 21.2% · 🌾 78.8%
Scorpion ×149 · Scout Cavalry ×65 · Skirmisher ×46 · Battle Elephant ×32 · Trade Cart ×19 · Mangonel ×15
Feudal
12:27
Castillos
16:23
Imperial
33:50
| APM promedio | 18.0 |
| APM pico | 56 |
| eAPM promedio | 13.5 |
| Aldeanos / militares | 133 / 523 |
Foco
⚔️ 31.9% · 🌾 68.1%
Spearman ×407 · Bombard Cannon ×91 · Trade Cart ×19 · Hussite Wagon ×16 · Battering Ram ×6 · Monk ×3
Feudal
13:03
Castillos
17:42
Imperial
33:28
| APM promedio | 20.0 |
| APM pico | 51 |
| eAPM promedio | 12.4 |
| Aldeanos / militares | 126 / 298 |
Foco
⚔️ 26.3% · 🌾 73.7%
Camel Scout ×98 · Scout Cavalry ×80 · Mangonel ×72 · Mangudai ×38 · Trade Cart ×26 · Scorpion ×10
Feudal
11:53
Castillos
18:15
Imperial
36:00
| APM promedio | 13.9 |
| APM pico | 37 |
| eAPM promedio | 8.8 |
| Aldeanos / militares | 114 / 409 |
Foco
⚔️ 41.5% · 🌾 58.5%
Scorpion ×199 · Militia ×177 · Centurion ×31 · Trade Cart ×9 · Trebuchet (Packed) ×2
Feudal
13:36
Castillos
18:43
Imperial
36:40
| APM promedio | 19.5 |
| APM pico | 67 |
| eAPM promedio | 13.6 |
| Aldeanos / militares | 204 / 315 |
Foco
⚔️ 28.8% · 🌾 71.2%
Spearman ×204 · Fire Lancer ×55 · Bombard Cannon ×42 · Trade Cart ×16 · Iron Pagoda ×11 · Monk ×3
Mapa de la partida
Recursos iniciales + cada clic de construcción. Líneas = muros · curvas = relieve. ◆ oro · ⬟ piedra · ● bayas · ✦ reliquia · ◌ hueco del cierre
Tu base· ✓ Cerrada en 18:25 · 0t muro · sin puerta
Base de eliezerfishman17· ✓ Cerrada en 23:43 · 0t muro · sin puerta
Base de kosspavol222· ✓ Cerrada en 17:16 · 0t muro · sin puerta
Base de kunal-AOE· ✓ Cerrada en 16:46 · 0t muro · sin puerta
Base de phesant_SK· ✓ Cerrada en 16:23 · 0t muro · sin puerta
Base de The Outpost Man· ✓ Cerrada en 17:42 · 64t muro · 2 puerta(s)
Base de durinikjakub1· ✓ Cerrada en 18:15 · 26t muro · sin puerta
Base de Haniek!!· ✓ Cerrada en 18:43 · 26t muro · 1 puerta(s)
Terreno inicial suavizado · ◌ = hueco del cierre detectado · pasá el cursor para detalles
Inputs por minuto
— MIGEL TECHEIROS - - eliezerfishman17
Build order — MIGEL TECHEIROS
Primeras 150 de 455 acciones detectadas
| 0:02 | Crear | Villager (Male) |
| 0:02 | Crear | Villager (Male) |
| 0:03 | Crear | Villager (Male) |
| 0:03 | Crear | Villager (Male) |
| 0:05 | Construir | House |
| 0:09 | Construir | House |
| 0:18 | Crear | Villager (Male) |
| 1:30 | Crear | Villager (Male) |
| 1:30 | Crear | Villager (Male) |
| 2:13 | Crear | Villager (Male) |
| 2:14 | Crear | Villager (Male) |
| 2:50 | Crear | Villager (Male) |
| 2:50 | Crear | Villager (Male) |
| 3:06 | Construir | Lumber Camp |
| 3:07 | Crear | Villager (Male) |
| 3:07 | Crear | Villager (Male) |
| 3:56 | Crear | Villager (Male) |
| 4:11 | Construir | Mill |
| 4:13 | Crear | Villager (Male) |
| 4:29 | Construir | House |
| 4:35 | Investigar | Loom |
| 4:36 | Crear | Villager (Male) |
| 4:36 | Crear | Villager (Male) |
| 4:37 | Crear | Villager (Male) |
| 4:51 | Crear | Villager (Male) |
| 4:52 | Crear | Villager (Male) |
| 5:03 | Construir | House |
| 5:18 | Crear | Villager (Male) |
| 5:19 | Crear | Villager (Male) |
| 5:46 | Crear | Villager (Male) |
| 5:46 | Crear | Villager (Male) |
| 6:08 | Crear | Villager (Male) |
| 6:35 | Construir | Mill |
| 7:23 | Construir | House |
| 8:00 | Construir | House |
| 8:03 | Crear | Villager (Male) |
| 8:03 | Crear | Villager (Male) |
| 8:04 | Crear | Villager (Male) |
| 8:04 | Crear | Villager (Male) |
| 8:05 | Crear | Villager (Male) |
| 8:23 | Construir | Mill |
| 8:24 | Crear | Villager (Male) |
| 8:25 | Crear | Villager (Male) |
| 8:25 | Crear | Villager (Male) |
| 8:35 | Crear | Villager (Male) |
| 8:35 | Crear | Villager (Male) |
| 9:02 | Crear | Villager (Male) |
| 9:02 | Crear | Villager (Male) |
| 9:23 | Crear | Villager (Male) |
| 9:23 | Crear | Villager (Male) |
| 9:50 | Crear | Villager (Male) |
| 9:50 | Crear | Villager (Male) |
| 9:50 | Crear | Villager (Male) |
| 10:06 | Crear | Villager (Male) |
| 10:19 | Investigar | Feudal Age |
| 10:21 | Crear | Villager (Male) |
| 10:49 | Crear | Villager (Male) |
| 11:19 | Crear | Villager (Male) |
| 11:53 | Construir | Lumber Camp |
| 11:54 | Crear | Villager (Male) |
| 11:55 | Crear | Villager (Male) |
| 12:30 | Edad | Edad Feudal |
| 12:32 | Construir | Mining Camp |
| 12:39 | Investigar | Double-Bit Axe |
| 12:41 | Crear | Villager (Male) |
| 12:41 | Crear | Villager (Male) |
| 13:12 | Construir | Blacksmith |
| 13:50 | Construir | Farm |
| 13:52 | Construir | Farm |
| 13:54 | Construir | Farm |
| 14:39 | Construir | Market |
| 14:49 | Construir | Farm |
| 14:56 | Construir | Farm |
| 15:08 | Construir | Farm |
| 15:17 | Construir | Farm |
| 15:25 | Construir | Farm |
| 15:28 | Crear | Villager (Male) |
| 15:59 | Investigar | Castle Age |
| 16:15 | Construir | House |
| 16:17 | Construir | House |
| 16:19 | Construir | House |
| 16:21 | Construir | House |
| 16:27 | Construir | Farm |
| 16:29 | Construir | Farm |
| 16:30 | Construir | Farm |
| 16:33 | Crear | Villager (Male) |
| 16:33 | Crear | Villager (Male) |
| 16:34 | Crear | Villager (Male) |
| 16:41 | Construir | Farm |
| 17:43 | Construir | House |
| 17:45 | Construir | House |
| 17:48 | Construir | House |
| 18:25 | Edad | Edad de los Castillos |
| 18:33 | Construir | Stone Wall |
| 18:37 | Crear | Villager (Male) |
| 18:37 | Crear | Villager (Male) |
| 18:41 | Crear | Villager (Male) |
| 18:46 | Crear | Villager (Male) |
| 18:49 | Crear | Villager (Male) |
| 19:07 | Construir | Town Center |
| 19:08 | Crear | Villager (Male) |
| 19:09 | Crear | Villager (Male) |
| 19:18 | Crear | Villager (Male) |
| 19:18 | Crear | Villager (Male) |
| 19:27 | Investigar | Bow Saw |
| 20:52 | Construir | Stone Wall |
| 20:53 | Crear | Villager (Male) |
| 20:53 | Crear | Villager (Male) |
| 20:53 | Crear | Villager (Male) |
| 20:54 | Crear | Villager (Male) |
| 20:54 | Crear | Villager (Male) |
| 20:55 | Crear | Villager (Male) |
| 21:01 | Crear | Villager (Male) |
| 21:18 | Construir | Mining Camp |
| 21:19 | Crear | Villager (Male) |
| 21:30 | Construir | Mining Camp |
| 21:30 | Crear | Villager (Male) |
| 21:33 | Construir | Farm |
| 21:36 | Crear | Villager (Male) |
| 21:36 | Crear | Villager (Male) |
| 21:43 | Construir | Farm |
| 21:45 | Crear | Villager (Male) |
| 21:59 | Construir | Farm |
| 22:01 | Construir | Farm |
| 22:05 | Construir | Farm |
| 22:07 | Construir | Farm |
| 22:08 | Crear | Villager (Male) |
| 22:09 | Crear | Villager (Male) |
| 22:16 | Construir | Farm |
| 22:17 | Construir | Farm |
| 22:19 | Construir | Farm |
| 22:21 | Crear | Villager (Male) |
| 22:27 | Construir | Farm |
| 22:29 | Construir | Farm |
| 22:30 | Crear | Villager (Male) |
| 22:34 | Crear | Villager (Male) |
| 22:47 | Construir | Farm |
| 23:05 | Crear | Villager (Male) |
| 23:05 | Crear | Villager (Male) |
| 23:10 | Crear | Villager (Male) |
| 23:10 | Crear | Villager (Male) |
| 23:31 | Construir | Town Center |
| 23:33 | Crear | Villager (Male) |
| 23:33 | Crear | Villager (Male) |
| 23:34 | Crear | Villager (Male) |
| 23:51 | Construir | Town Center |
| 23:52 | Crear | Villager (Male) |
| 23:53 | Crear | Villager (Male) |
| 23:53 | Crear | Villager (Male) |
| 23:55 | Crear | Villager (Male) |
Build order — eliezerfishman17
Primeras 150 de 471 acciones detectadas
| 0:21 | Crear | Villager (Male) |
| 0:21 | Crear | Villager (Male) |
| 0:21 | Crear | Villager (Male) |
| 0:22 | Crear | Villager (Male) |
| 0:22 | Crear | Villager (Male) |
| 0:23 | Investigar | Loom |
| 0:44 | Construir | Mill |
| 0:50 | Construir | House |
| 1:44 | Construir | Lumber Camp |
| 2:43 | Construir | House |
| 2:48 | Construir | House |
| 2:50 | Construir | House |
| 3:04 | Crear | Villager (Male) |
| 3:04 | Crear | Villager (Male) |
| 3:43 | Crear | Villager (Male) |
| 3:43 | Crear | Villager (Male) |
| 4:18 | Crear | Villager (Male) |
| 4:18 | Crear | Villager (Male) |
| 5:13 | Construir | Mining Camp |
| 5:18 | Crear | Villager (Male) |
| 5:18 | Crear | Villager (Male) |
| 5:19 | Crear | Villager (Male) |
| 6:06 | Construir | Mining Camp |
| 6:10 | Crear | Villager (Male) |
| 6:10 | Crear | Villager (Male) |
| 6:10 | Crear | Villager (Male) |
| 6:48 | Construir | Lumber Camp |
| 6:52 | Crear | Villager (Male) |
| 6:53 | Crear | Villager (Male) |
| 6:53 | Crear | Villager (Male) |
| 7:17 | Crear | Villager (Male) |
| 7:31 | Construir | Farm |
| 7:47 | Crear | Villager (Male) |
| 7:47 | Crear | Villager (Male) |
| 8:09 | Construir | Farm |
| 8:52 | Crear | Villager (Male) |
| 8:52 | Crear | Villager (Male) |
| 8:53 | Crear | Villager (Male) |
| 9:18 | Construir | House |
| 9:19 | Construir | House |
| 9:23 | Construir | House |
| 9:25 | Construir | House |
| 9:28 | Construir | House |
| 9:30 | Construir | House |
| 9:51 | Crear | Villager (Male) |
| 9:51 | Crear | Villager (Male) |
| 9:51 | Crear | Villager (Male) |
| 10:51 | Construir | Farm |
| 10:57 | Construir | Farm |
| 11:02 | Construir | Farm |
| 11:15 | Crear | Villager (Male) |
| 11:15 | Crear | Villager (Male) |
| 11:16 | Crear | Villager (Male) |
| 11:38 | Construir | Farm |
| 11:43 | Crear | Villager (Male) |
| 11:43 | Crear | Villager (Male) |
| 12:40 | Construir | Barracks |
| 12:47 | Crear | Villager (Male) |
| 12:47 | Crear | Villager (Male) |
| 12:48 | Crear | Villager (Male) |
| 12:48 | Crear | Villager (Male) |
| 13:00 | Construir | Farm |
| 13:13 | Construir | Farm |
| 13:42 | Crear | Villager (Male) |
| 15:03 | Crear | Militia |
| 15:04 | Crear | Militia |
| 15:04 | Crear | Militia |
| 15:04 | Crear | Militia |
| 15:04 | Crear | Militia |
| 15:05 | Crear | Militia |
| 15:05 | Crear | Militia |
| 15:05 | Crear | Militia |
| 15:06 | Crear | Militia |
| 15:06 | Crear | Militia |
| 15:41 | Construir | Farm |
| 15:50 | Investigar | Feudal Age |
| 15:52 | Crear | Villager (Male) |
| 15:52 | Crear | Villager (Male) |
| 16:22 | Crear | Villager (Male) |
| 16:23 | Crear | Villager (Male) |
| 16:48 | Construir | Mining Camp |
| 17:00 | Construir | Mining Camp |
| 17:06 | Crear | Villager (Male) |
| 17:06 | Crear | Villager (Male) |
| 17:06 | Crear | Villager (Male) |
| 17:07 | Crear | Villager (Male) |
| 18:00 | Edad | Edad Feudal |
| 18:37 | Construir | Blacksmith |
| 19:32 | Construir | Market |
| 19:48 | Investigar | Wheelbarrow |
| 19:52 | Investigar | Town Watch |
| 20:46 | Investigar | Castle Age |
| 21:02 | Crear | Trade Cart |
| 21:03 | Crear | Trade Cart |
| 21:03 | Crear | Trade Cart |
| 21:03 | Crear | Trade Cart |
| 21:04 | Crear | Trade Cart |
| 21:04 | Crear | Trade Cart |
| 21:04 | Crear | Trade Cart |
| 21:04 | Crear | Trade Cart |
| 21:56 | Construir | Stable |
| 22:30 | Crear | Villager (Male) |
| 22:30 | Crear | Villager (Male) |
| 22:31 | Crear | Villager (Male) |
| 22:31 | Crear | Villager (Male) |
| 22:31 | Crear | Villager (Male) |
| 22:31 | Crear | Villager (Male) |
| 22:32 | Crear | Villager (Male) |
| 22:32 | Crear | Villager (Male) |
| 22:32 | Crear | Villager (Male) |
| 22:33 | Crear | Villager (Male) |
| 23:15 | Investigar | Double-Bit Axe |
| 23:22 | Investigar | Horse Collar |
| 23:43 | Edad | Edad de los Castillos |
| 24:02 | Construir | Castle |
| 24:47 | Investigar | Caravan |
| 25:12 | Construir | Farm |
| 25:22 | Construir | Farm |
| 25:36 | Investigar | Hand Cart |
| 25:37 | Investigar | Town Watch |
| 26:21 | Investigar | Coinage |
| 26:43 | Construir | Town Center |
| 27:12 | Construir | Mining Camp |
| 27:32 | Crear | Villager (Male) |
| 27:32 | Crear | Villager (Male) |
| 27:32 | Crear | Villager (Male) |
| 27:32 | Crear | Villager (Male) |
| 27:33 | Crear | Villager (Male) |
| 27:33 | Crear | Villager (Male) |
| 27:33 | Crear | Villager (Male) |
| 27:34 | Crear | Villager (Male) |
| 27:34 | Crear | Villager (Male) |
| 28:08 | Investigar | Scale Mail Armor |
| 28:50 | Construir | Town Center |
| 29:18 | Investigar | Gold Mining |
| 29:18 | Investigar | Stone Mining |
| 29:23 | Investigar | Bow Saw |
| 29:27 | Investigar | Heavy Plow |
| 29:35 | Construir | House |
| 29:37 | Construir | House |
| 29:39 | Construir | House |
| 29:54 | Investigar | Town Patrol |
| 30:03 | Crear | Samurai |
| 30:03 | Crear | Samurai |
| 30:03 | Crear | Samurai |
| 30:04 | Crear | Samurai |
| 30:04 | Crear | Samurai |
| 30:04 | Crear | Samurai |
| 30:04 | Crear | Samurai |
| 30:44 | Construir | Stable |
Build order — kosspavol222
Primeras 150 de 354 acciones detectadas
| 0:04 | Crear | Villager (Male) |
| 0:04 | Crear | Villager (Male) |
| 0:04 | Crear | Villager (Male) |
| 0:04 | Crear | Villager (Male) |
| 0:05 | Crear | Villager (Male) |
| 0:07 | Construir | House |
| 0:08 | Construir | House |
| 1:28 | Crear | Villager (Male) |
| 1:29 | Crear | Villager (Male) |
| 1:29 | Crear | Villager (Male) |
| 1:54 | Construir | Lumber Camp |
| 2:55 | Crear | Villager (Male) |
| 2:55 | Crear | Villager (Male) |
| 2:55 | Crear | Villager (Male) |
| 2:55 | Crear | Villager (Male) |
| 3:26 | Crear | Villager (Male) |
| 3:37 | Crear | Villager (Male) |
| 3:54 | Crear | Villager (Male) |
| 4:46 | Construir | Mill |
| 4:51 | Crear | Villager (Male) |
| 5:00 | Construir | House |
| 5:01 | Construir | House |
| 5:24 | Crear | Villager (Male) |
| 5:25 | Crear | Villager (Male) |
| 6:15 | Crear | Villager (Male) |
| 6:15 | Crear | Villager (Male) |
| 6:33 | Crear | Villager (Male) |
| 8:15 | Crear | Villager (Male) |
| 8:15 | Crear | Villager (Male) |
| 9:13 | Construir | Mining Camp |
| 9:20 | Crear | Villager (Male) |
| 9:20 | Crear | Villager (Male) |
| 10:12 | Crear | Villager (Male) |
| 10:12 | Crear | Villager (Male) |
| 10:21 | Investigar | Feudal Age |
| 11:58 | Construir | Lumber Camp |
| 12:31 | Edad | Edad Feudal |
| 12:55 | Crear | Villager (Male) |
| 12:55 | Crear | Villager (Male) |
| 12:55 | Crear | Villager (Male) |
| 13:01 | Construir | House |
| 13:16 | Construir | Market |
| 13:24 | Construir | Farm |
| 13:25 | Construir | Farm |
| 13:27 | Construir | Farm |
| 13:38 | Construir | Blacksmith |
| 13:44 | Investigar | Double-Bit Axe |
| 14:21 | Construir | Farm |
| 14:22 | Construir | Farm |
| 14:30 | Construir | House |
| 14:33 | Investigar | Castle Age |
| 14:39 | Construir | House |
| 15:22 | Construir | Farm |
| 15:24 | Construir | Farm |
| 15:26 | Construir | Farm |
| 15:32 | Construir | Farm |
| 15:54 | Construir | Farm |
| 15:55 | Construir | Farm |
| 15:56 | Construir | Farm |
| 15:59 | Investigar | Horse Collar |
| 16:13 | Investigar | Fletching |
| 17:04 | Crear | Villager (Male) |
| 17:04 | Crear | Villager (Male) |
| 17:07 | Investigar | Loom |
| 17:16 | Edad | Edad de los Castillos |
| 17:26 | Construir | Town Center |
| 17:30 | Investigar | Bow Saw |
| 17:42 | Construir | Town Center |
| 18:17 | Crear | Villager (Male) |
| 18:17 | Crear | Villager (Male) |
| 18:31 | Construir | House |
| 18:33 | Construir | House |
| 18:44 | Crear | Villager (Male) |
| 18:44 | Crear | Villager (Male) |
| 18:44 | Crear | Villager (Male) |
| 18:45 | Crear | Villager (Male) |
| 18:45 | Crear | Villager (Male) |
| 19:29 | Crear | Villager (Male) |
| 19:30 | Crear | Villager (Male) |
| 19:30 | Crear | Villager (Male) |
| 19:31 | Crear | Villager (Male) |
| 20:16 | Crear | Villager (Male) |
| 20:16 | Crear | Villager (Male) |
| 20:16 | Crear | Villager (Male) |
| 20:23 | Construir | Farm |
| 20:24 | Construir | Farm |
| 20:30 | Construir | Farm |
| 20:32 | Construir | Farm |
| 20:33 | Construir | Farm |
| 20:55 | Construir | Gate |
| 21:03 | Construir | Stone Wall |
| 21:12 | Crear | Villager (Male) |
| 21:13 | Crear | Villager (Male) |
| 21:13 | Crear | Villager (Male) |
| 21:13 | Crear | Villager (Male) |
| 21:15 | Crear | Villager (Male) |
| 21:15 | Crear | Villager (Male) |
| 21:21 | Construir | Farm |
| 21:45 | Construir | Farm |
| 21:47 | Investigar | Heavy Plow |
| 21:53 | Construir | Farm |
| 22:04 | Crear | Villager (Male) |
| 22:05 | Crear | Villager (Male) |
| 22:05 | Crear | Villager (Male) |
| 22:11 | Construir | Farm |
| 22:12 | Construir | Farm |
| 22:55 | Construir | Castle |
| 23:05 | Investigar | Wheelbarrow |
| 23:07 | Crear | Villager (Male) |
| 23:08 | Crear | Villager (Male) |
| 23:08 | Crear | Villager (Male) |
| 23:08 | Crear | Villager (Male) |
| 23:08 | Crear | Villager (Male) |
| 23:33 | Investigar | Bodkin Arrow |
| 23:36 | Crear | Villager (Male) |
| 23:52 | Construir | Mill |
| 23:54 | Construir | Farm |
| 23:55 | Construir | Farm |
| 23:57 | Construir | Farm |
| 24:04 | Construir | Farm |
| 24:06 | Construir | Farm |
| 24:29 | Crear | Longbowman |
| 24:29 | Crear | Longbowman |
| 24:29 | Crear | Longbowman |
| 24:29 | Crear | Longbowman |
| 24:45 | Crear | Villager (Male) |
| 24:45 | Crear | Villager (Male) |
| 24:46 | Crear | Villager (Male) |
| 24:46 | Crear | Villager (Male) |
| 24:52 | Construir | Farm |
| 24:59 | Crear | Villager (Male) |
| 24:59 | Crear | Villager (Male) |
| 25:04 | Crear | Longbowman |
| 25:08 | Crear | Villager (Male) |
| 25:08 | Crear | Villager (Male) |
| 25:17 | Construir | Farm |
| 25:22 | Construir | Farm |
| 25:30 | Construir | Farm |
| 25:39 | Investigar | Hand Cart |
| 25:42 | Crear | Villager (Male) |
| 25:43 | Crear | Villager (Male) |
| 25:43 | Crear | Villager (Male) |
| 26:01 | Construir | Farm |
| 26:07 | Construir | Farm |
| 26:09 | Crear | Villager (Male) |
| 26:09 | Crear | Villager (Male) |
| 26:09 | Crear | Villager (Male) |
| 26:10 | Crear | Villager (Male) |
| 26:16 | Investigar | Padded Archer Armor |
| 26:39 | Construir | Mining Camp |
Build order — kunal-AOE
Primeras 150 de 398 acciones detectadas
| 0:04 | Crear | Villager (Male) ×4 |
| 0:06 | Construir | House |
| 0:06 | Construir | House |
| 1:32 | Crear | Villager (Male) |
| 2:05 | Crear | Villager (Male) |
| 2:11 | Construir | Lumber Camp |
| 2:22 | Crear | Villager (Male) |
| 3:00 | Crear | Villager (Male) |
| 3:03 | Crear | Villager (Male) |
| 3:03 | Crear | Villager (Male) |
| 3:44 | Crear | Villager (Male) |
| 3:44 | Crear | Villager (Male) |
| 3:51 | Crear | Villager (Male) |
| 4:02 | Construir | House |
| 4:07 | Investigar | Loom |
| 4:27 | Crear | Villager (Male) |
| 4:57 | Construir | Lumber Camp |
| 5:07 | Crear | Villager (Male) |
| 5:07 | Crear | Villager (Male) |
| 5:12 | Crear | Villager (Male) |
| 5:12 | Crear | Villager (Male) |
| 5:53 | Crear | Villager (Male) |
| 5:53 | Crear | Villager (Male) |
| 6:05 | Construir | House |
| 6:21 | Construir | Mill |
| 6:25 | Crear | Villager (Male) |
| 6:43 | Crear | Villager (Male) |
| 6:43 | Crear | Villager (Male) |
| 7:15 | Crear | Villager (Male) |
| 7:43 | Construir | Mining Camp |
| 8:10 | Crear | Villager (Male) |
| 8:10 | Crear | Villager (Male) |
| 8:10 | Crear | Villager (Male) |
| 8:33 | Construir | Farm |
| 8:34 | Construir | Farm |
| 8:40 | Crear | Villager (Male) |
| 8:40 | Crear | Villager (Male) |
| 8:40 | Crear | Villager (Male) |
| 8:41 | Crear | Villager (Male) |
| 9:12 | Crear | Villager (Male) |
| 9:26 | Construir | House |
| 9:34 | Crear | Villager (Male) |
| 9:59 | Crear | Villager (Male) |
| 10:44 | Crear | Villager (Male) |
| 10:44 | Crear | Villager (Male) |
| 10:44 | Crear | Villager (Male) |
| 11:06 | Crear | Villager (Male) |
| 11:47 | Investigar | Feudal Age |
| 11:57 | Construir | Farm |
| 12:23 | Construir | Mining Camp |
| 13:28 | Construir | Mining Camp |
| 14:02 | Edad | Edad Feudal |
| 14:06 | Investigar | Castle Age |
| 14:43 | Construir | Farm |
| 14:44 | Construir | Farm |
| 14:45 | Construir | Farm |
| 14:47 | Construir | Farm |
| 14:55 | Construir | Farm |
| 15:01 | Construir | Farm |
| 15:06 | Construir | Farm |
| 15:33 | Construir | House |
| 15:33 | Construir | House |
| 15:35 | Construir | House |
| 15:36 | Construir | House |
| 16:09 | Construir | Market |
| 16:30 | Investigar | Double-Bit Axe |
| 16:32 | Investigar | Horse Collar |
| 16:34 | Investigar | Gold Mining |
| 16:37 | Investigar | Stone Mining |
| 16:41 | Crear | Villager (Male) |
| 16:41 | Crear | Villager (Male) |
| 16:41 | Crear | Villager (Male) |
| 16:42 | Crear | Villager (Male) |
| 16:46 | Edad | Edad de los Castillos |
| 16:56 | Construir | Town Center |
| 17:30 | Crear | Trade Cart |
| 17:31 | Crear | Trade Cart |
| 18:07 | Investigar | Wheelbarrow |
| 18:08 | Crear | Villager (Male) |
| 18:08 | Crear | Villager (Male) |
| 18:57 | Crear | Villager (Male) |
| 18:57 | Crear | Villager (Male) |
| 18:57 | Crear | Villager (Male) |
| 18:57 | Crear | Villager (Male) |
| 18:58 | Crear | Villager (Male) |
| 18:58 | Crear | Villager (Male) |
| 19:06 | Construir | Farm |
| 19:10 | Crear | Trade Cart |
| 19:11 | Crear | Trade Cart |
| 19:11 | Crear | Trade Cart |
| 20:20 | Crear | Villager (Male) |
| 20:21 | Crear | Villager (Male) |
| 20:23 | Crear | Villager (Male) |
| 20:23 | Crear | Villager (Male) |
| 20:50 | Construir | Monastery |
| 20:53 | Crear | Villager (Male) |
| 20:57 | Investigar | Hand Cart |
| 21:05 | Construir | House |
| 21:07 | Construir | House |
| 21:20 | Construir | House |
| 21:36 | Construir | University |
| 21:42 | Crear | Villager (Male) |
| 21:42 | Crear | Villager (Male) |
| 21:50 | Crear | Monk |
| 21:50 | Crear | Monk |
| 22:11 | Construir | Castle |
| 22:19 | Crear | Villager (Male) |
| 22:22 | Investigar | Bow Saw |
| 22:25 | Crear | Villager (Male) |
| 22:25 | Crear | Villager (Male) |
| 22:25 | Crear | Villager (Male) |
| 22:32 | Crear | Villager (Male) |
| 22:38 | Crear | Villager (Male) |
| 22:39 | Crear | Villager (Male) |
| 23:09 | Construir | Town Center |
| 23:27 | Investigar | Caravan |
| 23:29 | Crear | Trade Cart |
| 23:29 | Crear | Trade Cart |
| 23:42 | Crear | Villager (Male) |
| 23:42 | Crear | Villager (Male) |
| 23:55 | Crear | Villager (Male) |
| 23:56 | Crear | Villager (Male) |
| 24:16 | Crear | Monk |
| 24:23 | Construir | House |
| 24:23 | Construir | House |
| 24:23 | Construir | House |
| 24:24 | Construir | House |
| 24:24 | Construir | House |
| 24:24 | Construir | House |
| 24:25 | Construir | House |
| 24:26 | Construir | House |
| 24:26 | Construir | House |
| 24:36 | Construir | Farm |
| 24:38 | Construir | Farm |
| 25:03 | Construir | Stable |
| 25:04 | Construir | Stable |
| 25:11 | Crear | Monk |
| 25:15 | Crear | Villager (Male) |
| 25:15 | Crear | Villager (Male) |
| 25:15 | Crear | Villager (Male) |
| 25:15 | Crear | Villager (Male) |
| 25:16 | Crear | Villager (Male) |
| 25:16 | Crear | Villager (Male) |
| 25:18 | Crear | Villager (Male) |
| 25:18 | Crear | Villager (Male) |
| 25:28 | Crear | Villager (Male) |
| 25:29 | Crear | Villager (Male) |
| 25:57 | Crear | Ballista Elephant |
| 25:57 | Crear | Ballista Elephant |
| 26:12 | Crear | Villager (Male) |
Build order — phesant_SK
Primeras 150 de 434 acciones detectadas
| 0:02 | Crear | Villager (Male) |
| 0:02 | Crear | Villager (Male) |
| 0:02 | Crear | Villager (Male) |
| 0:04 | Construir | House |
| 0:05 | Construir | House |
| 0:16 | Crear | Villager (Male) |
| 0:16 | Crear | Villager (Male) |
| 0:17 | Crear | Villager (Male) |
| 1:25 | Crear | Villager (Male) |
| 2:10 | Construir | Lumber Camp |
| 2:19 | Crear | Villager (Male) |
| 2:33 | Crear | Villager (Male) |
| 2:34 | Crear | Villager (Male) |
| 2:34 | Crear | Villager (Male) |
| 3:30 | Crear | Villager (Male) |
| 3:30 | Crear | Villager (Male) |
| 3:30 | Crear | Villager (Male) |
| 3:31 | Crear | Villager (Male) |
| 5:04 | Construir | Mill |
| 5:11 | Crear | Villager (Male) |
| 5:11 | Crear | Villager (Male) |
| 5:19 | Investigar | Loom |
| 5:22 | Construir | House |
| 5:27 | Construir | House |
| 5:38 | Crear | Villager (Male) |
| 5:59 | Crear | Villager (Male) |
| 6:27 | Crear | Villager (Male) |
| 6:52 | Crear | Villager (Male) |
| 7:05 | Crear | Villager (Male) |
| 7:47 | Construir | House |
| 7:54 | Construir | Mining Camp |
| 8:12 | Crear | Villager (Male) |
| 8:16 | Crear | Villager (Male) |
| 8:17 | Crear | Villager (Male) |
| 8:18 | Crear | Villager (Male) |
| 8:29 | Construir | Lumber Camp |
| 8:49 | Crear | Villager (Male) |
| 9:13 | Crear | Villager (Male) |
| 9:22 | Crear | Villager (Male) |
| 9:35 | Investigar | Feudal Age |
| 10:58 | Crear | Villager (Male) |
| 10:58 | Crear | Villager (Male) |
| 11:17 | Construir | Farm |
| 11:54 | Construir | Farm |
| 12:27 | Edad | Edad Feudal |
| 12:31 | Construir | Blacksmith |
| 12:35 | Construir | Market |
| 13:06 | Crear | Villager (Male) |
| 13:27 | Investigar | Castle Age |
| 13:33 | Construir | Farm |
| 13:34 | Construir | Farm |
| 13:36 | Construir | Farm |
| 13:39 | Investigar | Double-Bit Axe |
| 14:03 | Construir | Mining Camp |
| 14:09 | Construir | Farm |
| 14:12 | Construir | Farm |
| 14:51 | Investigar | Horse Collar |
| 15:19 | Crear | Villager (Male) |
| 15:19 | Crear | Villager (Male) |
| 15:19 | Crear | Villager (Male) |
| 15:25 | Construir | House |
| 15:27 | Construir | House |
| 15:33 | Construir | House |
| 15:37 | Construir | House |
| 15:39 | Construir | House |
| 16:15 | Crear | Villager (Male) |
| 16:15 | Crear | Villager (Male) |
| 16:23 | Edad | Edad de los Castillos |
| 16:35 | Construir | Town Center |
| 17:11 | Construir | Stone Wall |
| 17:21 | Construir | Gate |
| 17:24 | Crear | Villager (Male) |
| 17:24 | Crear | Villager (Male) |
| 17:34 | Investigar | Bow Saw |
| 18:08 | Construir | House |
| 18:09 | Construir | House |
| 18:17 | Construir | House |
| 18:24 | Construir | Stone Wall |
| 18:38 | Crear | Villager (Male) |
| 18:38 | Crear | Villager (Male) |
| 18:49 | Construir | Town Center |
| 18:55 | Construir | House |
| 18:56 | Construir | House |
| 19:17 | Construir | Gate |
| 20:00 | Crear | Villager (Male) |
| 20:00 | Crear | Villager (Male) |
| 20:01 | Crear | Villager (Male) |
| 20:01 | Crear | Villager (Male) |
| 20:01 | Crear | Villager (Male) |
| 20:04 | Construir | Farm |
| 20:04 | Construir | Farm |
| 20:10 | Construir | Farm |
| 20:13 | Crear | Villager (Male) |
| 20:13 | Crear | Villager (Male) |
| 20:15 | Construir | Farm |
| 20:15 | Construir | Farm |
| 20:15 | Construir | Farm |
| 20:28 | Construir | Farm |
| 20:28 | Construir | Farm |
| 20:28 | Construir | Farm |
| 20:37 | Construir | Farm |
| 20:41 | Construir | Farm |
| 20:52 | Construir | Farm |
| 20:55 | Construir | Farm |
| 21:06 | Crear | Villager (Male) |
| 21:06 | Crear | Villager (Male) |
| 21:07 | Crear | Villager (Male) |
| 21:16 | Construir | Market |
| 21:21 | Crear | Villager (Male) |
| 21:21 | Crear | Villager (Male) |
| 21:38 | Construir | Lumber Camp |
| 21:46 | Crear | Villager (Male) |
| 21:47 | Crear | Villager (Male) |
| 21:47 | Crear | Villager (Male) |
| 21:47 | Crear | Villager (Male) |
| 22:00 | Construir | Outpost |
| 22:11 | Construir | Stone Wall |
| 22:12 | Construir | Stone Wall |
| 22:13 | Construir | Stone Wall |
| 22:27 | Construir | Siege Workshop |
| 22:30 | Crear | Villager (Male) |
| 22:30 | Crear | Villager (Male) |
| 22:30 | Crear | Villager (Male) |
| 22:30 | Crear | Villager (Male) |
| 22:30 | Crear | Villager (Male) |
| 22:36 | Construir | Farm |
| 22:44 | Crear | Villager (Male) |
| 22:45 | Crear | Villager (Male) |
| 23:01 | Crear | Villager (Male) |
| 23:01 | Crear | Villager (Male) |
| 23:01 | Crear | Villager (Male) |
| 23:12 | Construir | Farm |
| 23:13 | Construir | Farm |
| 23:13 | Construir | Farm |
| 23:13 | Construir | Farm |
| 23:14 | Construir | Farm |
| 23:18 | Crear | Villager (Male) |
| 23:18 | Crear | Villager (Male) |
| 23:39 | Construir | Outpost |
| 23:42 | Investigar | Town Watch |
| 23:44 | Crear | Villager (Male) |
| 23:44 | Crear | Villager (Male) |
| 23:54 | Construir | Siege Workshop |
| 23:56 | Crear | Villager (Male) |
| 23:56 | Crear | Villager (Male) |
| 23:56 | Crear | Villager (Male) |
| 24:05 | Construir | Town Center |
| 24:16 | Construir | Outpost |
| 24:26 | Crear | Villager (Male) |
| 24:26 | Crear | Villager (Male) |
Build order — The Outpost Man
Primeras 150 de 319 acciones detectadas
| 0:01 | Crear | Villager (Male) ×4 |
| 0:04 | Construir | House |
| 0:06 | Construir | House |
| 0:42 | Investigar | Loom |
| 1:36 | Crear | Villager (Male) |
| 1:36 | Crear | Villager (Male) |
| 2:08 | Crear | Villager (Male) |
| 2:09 | Crear | Villager (Male) |
| 2:57 | Crear | Villager (Male) |
| 2:57 | Crear | Villager (Male) |
| 3:15 | Crear | Villager (Male) |
| 3:16 | Crear | Villager (Male) |
| 3:16 | Crear | Villager (Male) |
| 3:32 | Construir | Palisade Wall |
| 3:48 | Construir | Palisade Wall |
| 3:51 | Crear | Villager (Male) |
| 4:01 | Construir | Palisade Wall |
| 4:09 | Construir | Palisade Gate |
| 4:15 | Crear | Villager (Male) |
| 4:15 | Crear | Villager (Male) |
| 4:28 | Construir | House |
| 4:42 | Crear | Villager (Male) |
| 4:42 | Crear | Villager (Male) |
| 4:52 | Construir | Lumber Camp |
| 5:25 | Construir | House |
| 5:37 | Crear | Villager (Male) ×2 |
| 6:16 | Crear | Villager (Male) |
| 6:33 | Construir | Mining Camp |
| 7:08 | Construir | Mill |
| 7:33 | Crear | Villager (Male) ×3 |
| 7:47 | Crear | Villager (Male) |
| 7:58 | Crear | Villager (Male) ×2 |
| 8:07 | Construir | House |
| 8:39 | Crear | Villager (Male) ×5 |
| 10:06 | Construir | Mining Camp |
| 10:11 | Construir | Mill |
| 10:26 | Investigar | Feudal Age |
| 10:59 | Crear | Villager (Male) |
| 11:00 | Crear | Villager (Male) |
| 13:03 | Edad | Edad Feudal |
| 13:18 | Construir | Stone Wall |
| 13:24 | Construir | Gate |
| 13:50 | Crear | Villager (Male) |
| 14:02 | Construir | Market |
| 14:10 | Construir | Blacksmith |
| 14:18 | Investigar | Double-Bit Axe |
| 14:23 | Construir | Lumber Camp |
| 14:33 | Construir | Lumber Camp |
| 15:02 | Investigar | Castle Age |
| 15:02 | Investigar | Castle Age |
| 15:09 | Investigar | Horse Collar |
| 15:09 | Investigar | Horse Collar |
| 15:12 | Investigar | Gold Mining |
| 17:24 | Investigar | Wheelbarrow |
| 17:42 | Edad | Edad de los Castillos |
| 17:44 | Investigar | Bow Saw |
| 17:44 | Investigar | Bow Saw |
| 17:49 | Construir | Town Center |
| 18:02 | Investigar | Heavy Plow |
| 18:20 | Construir | Town Center |
| 18:57 | Construir | Town Center |
| 19:23 | Construir | Farm |
| 19:24 | Construir | Farm |
| 19:26 | Construir | Farm |
| 19:27 | Construir | Farm |
| 19:29 | Construir | Farm |
| 19:31 | Construir | Farm |
| 19:32 | Construir | Farm |
| 19:35 | Construir | Farm |
| 19:35 | Construir | Farm |
| 19:37 | Construir | Farm |
| 19:37 | Construir | Farm |
| 19:39 | Construir | Farm |
| 19:41 | Crear | Villager (Male) ×2 |
| 19:59 | Construir | House |
| 20:01 | Construir | House |
| 20:47 | Construir | House |
| 20:48 | Construir | House |
| 20:49 | Construir | House |
| 20:50 | Construir | House |
| 20:51 | Construir | House |
| 20:52 | Construir | House |
| 20:53 | Construir | House |
| 20:56 | Crear | Villager (Male) ×2 |
| 20:56 | Crear | Villager (Male) ×2 |
| 21:07 | Crear | Villager (Male) |
| 21:20 | Construir | Farm |
| 21:29 | Construir | Farm |
| 21:36 | Construir | Farm |
| 21:41 | Crear | Villager (Male) ×2 |
| 21:43 | Crear | Villager (Male) |
| 21:44 | Crear | Villager (Male) |
| 22:17 | Crear | Villager (Male) ×2 |
| 22:21 | Crear | Villager (Male) |
| 22:22 | Crear | Villager (Male) |
| 22:33 | Construir | Farm |
| 22:40 | Construir | Farm |
| 22:41 | Construir | Farm |
| 22:42 | Construir | Farm |
| 22:44 | Construir | Farm |
| 22:48 | Crear | Villager (Male) ×2 |
| 22:54 | Crear | Villager (Male) |
| 22:54 | Crear | Villager (Male) |
| 23:15 | Crear | Villager (Male) ×2 |
| 23:15 | Crear | Villager (Male) ×3 |
| 23:23 | Construir | House |
| 23:26 | Construir | House |
| 23:28 | Construir | House |
| 23:28 | Construir | House |
| 23:29 | Construir | House |
| 23:29 | Construir | House |
| 23:30 | Construir | House |
| 23:31 | Construir | House |
| 23:31 | Construir | House |
| 23:31 | Construir | House |
| 23:31 | Construir | House |
| 23:34 | Construir | House |
| 23:34 | Construir | House |
| 23:36 | Construir | House |
| 23:37 | Construir | House |
| 23:46 | Crear | Villager (Male) ×3 |
| 23:54 | Construir | Farm |
| 24:00 | Crear | Villager (Male) ×2 |
| 24:17 | Investigar | Stone Mining |
| 24:18 | Investigar | Stone Mining |
| 24:19 | Crear | Villager (Male) |
| 24:36 | Construir | Castle |
| 24:41 | Crear | Villager (Male) ×3 |
| 24:42 | Crear | Villager (Male) ×3 |
| 24:50 | Crear | Villager (Male) |
| 24:50 | Crear | Villager (Male) |
| 24:58 | Construir | Farm |
| 24:59 | Construir | Farm |
| 25:00 | Construir | Farm |
| 25:01 | Construir | Farm |
| 25:02 | Construir | Farm |
| 25:07 | Crear | Villager (Male) ×3 |
| 25:18 | Construir | Market |
| 25:36 | Construir | Farm |
| 25:38 | Crear | Villager (Male) ×4 |
| 25:43 | Construir | Farm |
| 25:47 | Construir | Farm |
| 25:51 | Construir | Farm |
| 25:56 | Crear | Villager (Male) ×3 |
| 25:56 | Crear | Villager (Male) ×3 |
| 26:25 | Construir | Market |
| 26:39 | Construir | Mining Camp |
| 27:14 | Investigar | Hand Cart |
| 27:17 | Crear | Villager (Male) |
| 27:18 | Crear | Villager (Male) |
Build order — durinikjakub1
Primeras 150 de 426 acciones detectadas
| 0:03 | Construir | House |
| 0:04 | Construir | House |
| 0:05 | Crear | Villager (Male) |
| 0:05 | Crear | Villager (Male) |
| 0:06 | Crear | Villager (Male) |
| 0:06 | Crear | Villager (Male) |
| 1:05 | Investigar | Loom |
| 1:06 | Crear | Villager (Male) |
| 1:06 | Crear | Villager (Male) |
| 2:34 | Crear | Villager (Male) |
| 2:34 | Crear | Villager (Male) |
| 2:35 | Crear | Villager (Male) |
| 2:35 | Crear | Villager (Male) |
| 3:06 | Construir | Palisade Wall |
| 3:17 | Crear | Villager (Male) |
| 3:17 | Crear | Villager (Male) |
| 3:43 | Crear | Villager (Male) |
| 3:43 | Crear | Villager (Male) |
| 4:06 | Crear | Villager (Male) |
| 4:06 | Crear | Villager (Male) |
| 4:38 | Crear | Villager (Male) |
| 4:38 | Crear | Villager (Male) |
| 5:36 | Construir | House |
| 6:17 | Construir | Palisade Wall |
| 6:26 | Construir | Lumber Camp |
| 6:50 | Construir | Mill |
| 7:19 | Crear | Villager (Male) |
| 7:19 | Crear | Villager (Male) |
| 7:19 | Crear | Villager (Male) |
| 7:19 | Crear | Villager (Male) |
| 7:19 | Crear | Villager (Male) |
| 8:31 | Construir | House |
| 8:33 | Construir | House |
| 8:34 | Construir | House |
| 9:43 | Investigar | Feudal Age |
| 11:27 | Crear | Villager (Male) |
| 11:27 | Crear | Villager (Male) |
| 11:27 | Crear | Villager (Male) |
| 11:27 | Crear | Villager (Male) |
| 11:28 | Crear | Villager (Male) |
| 11:53 | Edad | Edad Feudal |
| 12:24 | Construir | Mining Camp |
| 13:02 | Crear | Villager (Male) |
| 13:03 | Crear | Villager (Male) |
| 13:11 | Construir | Blacksmith |
| 13:22 | Construir | Market |
| 13:53 | Construir | Farm |
| 13:54 | Construir | Farm |
| 13:54 | Construir | Farm |
| 13:54 | Construir | Farm |
| 13:54 | Construir | Farm |
| 13:55 | Construir | Farm |
| 14:07 | Construir | Farm |
| 14:55 | Construir | Farm |
| 15:00 | Construir | Farm |
| 15:00 | Construir | Farm |
| 15:11 | Construir | Farm |
| 15:11 | Construir | Farm |
| 15:35 | Investigar | Castle Age |
| 16:30 | Investigar | Double-Bit Axe |
| 16:34 | Investigar | Horse Collar |
| 18:15 | Edad | Edad de los Castillos |
| 18:18 | Construir | Town Center |
| 18:24 | Crear | Villager (Male) |
| 18:24 | Crear | Villager (Male) |
| 19:05 | Crear | Villager (Male) |
| 19:06 | Crear | Villager (Male) |
| 19:06 | Investigar | Wheelbarrow |
| 19:15 | Investigar | Bow Saw |
| 20:45 | Crear | Villager (Male) |
| 20:46 | Crear | Villager (Male) |
| 20:46 | Crear | Villager (Male) |
| 20:46 | Crear | Villager (Male) |
| 20:47 | Crear | Villager (Male) |
| 20:47 | Crear | Villager (Male) |
| 20:47 | Crear | Villager (Male) |
| 20:48 | Crear | Villager (Male) |
| 20:48 | Crear | Villager (Male) |
| 20:48 | Crear | Villager (Male) |
| 20:48 | Crear | Villager (Male) |
| 20:49 | Crear | Villager (Male) |
| 21:23 | Construir | Town Center |
| 21:43 | Investigar | Heavy Plow |
| 22:39 | Construir | House |
| 22:43 | Construir | House |
| 22:47 | Construir | House |
| 23:01 | Crear | Villager (Male) |
| 23:02 | Crear | Villager (Male) |
| 23:02 | Crear | Villager (Male) |
| 23:31 | Investigar | Hand Cart |
| 23:32 | Crear | Villager (Male) |
| 23:32 | Crear | Villager (Male) |
| 23:33 | Crear | Villager (Male) |
| 23:50 | Construir | Town Center |
| 23:58 | Crear | Villager (Male) |
| 23:59 | Crear | Villager (Male) |
| 23:59 | Crear | Villager (Male) |
| 23:59 | Crear | Villager (Male) |
| 24:00 | Crear | Villager (Male) |
| 24:00 | Crear | Villager (Male) |
| 24:00 | Crear | Villager (Male) |
| 24:00 | Crear | Villager (Male) |
| 24:01 | Crear | Villager (Male) |
| 24:01 | Crear | Villager (Male) |
| 24:02 | Crear | Villager (Male) |
| 25:25 | Crear | Villager (Male) |
| 25:26 | Crear | Villager (Male) |
| 25:26 | Crear | Villager (Male) |
| 25:26 | Crear | Villager (Male) |
| 25:27 | Crear | Villager (Male) |
| 25:30 | Crear | Villager (Male) |
| 25:50 | Construir | Siege Workshop |
| 25:51 | Construir | Siege Workshop |
| 26:11 | Construir | House |
| 26:12 | Construir | House |
| 26:13 | Construir | House |
| 26:14 | Construir | House |
| 26:16 | Construir | House |
| 26:17 | Construir | House |
| 26:27 | Investigar | Gold Mining |
| 27:04 | Investigar | Town Watch |
| 27:26 | Construir | Castle |
| 27:55 | Crear | Trade Cart |
| 27:55 | Crear | Trade Cart |
| 27:56 | Crear | Trade Cart |
| 27:56 | Crear | Trade Cart |
| 27:56 | Crear | Trade Cart |
| 28:01 | Crear | Villager (Male) |
| 28:01 | Crear | Villager (Male) |
| 28:02 | Crear | Villager (Male) |
| 28:02 | Crear | Villager (Male) |
| 28:02 | Crear | Villager (Male) |
| 28:06 | Investigar | Town Patrol |
| 28:17 | Crear | Villager (Male) |
| 28:17 | Crear | Villager (Male) |
| 28:18 | Crear | Villager (Male) |
| 28:27 | Crear | Scorpion |
| 28:27 | Crear | Scorpion |
| 28:28 | Crear | Scorpion |
| 28:28 | Crear | Scorpion |
| 28:28 | Crear | Scorpion |
| 29:27 | Crear | Scorpion |
| 29:27 | Crear | Scorpion |
| 29:27 | Crear | Scorpion |
| 29:28 | Crear | Scorpion |
| 29:28 | Crear | Scorpion |
| 30:09 | Construir | Farm |
| 30:10 | Construir | Farm |
| 30:10 | Construir | Farm |
| 30:10 | Construir | Farm |
Build order — Haniek!!
Primeras 150 de 404 acciones detectadas
| 0:04 | Construir | House |
| 0:06 | Construir | House |
| 0:06 | Crear | Villager (Male) ×4 |
| 1:40 | Crear | Villager (Male) |
| 2:05 | Crear | Villager (Male) |
| 2:17 | Construir | Lumber Camp |
| 2:27 | Crear | Villager (Male) |
| 2:52 | Crear | Villager (Male) |
| 2:53 | Crear | Villager (Male) |
| 3:26 | Crear | Villager (Male) |
| 3:27 | Crear | Villager (Male) |
| 4:09 | Crear | Villager (Male) ×2 |
| 4:51 | Crear | Villager (Male) |
| 4:57 | Construir | House |
| 5:32 | Crear | Villager (Male) |
| 6:51 | Crear | Villager (Male) |
| 6:51 | Crear | Villager (Male) |
| 6:51 | Crear | Villager (Male) |
| 6:57 | Construir | House |
| 7:23 | Crear | Villager (Male) ×5 |
| 8:25 | Construir | Mill |
| 9:40 | Construir | House |
| 9:43 | Crear | Villager (Male) |
| 9:44 | Crear | Villager (Male) |
| 9:44 | Crear | Villager (Male) |
| 9:54 | Construir | Mining Camp |
| 11:05 | Construir | Mining Camp |
| 11:16 | Construir | Lumber Camp |
| 11:20 | Investigar | Feudal Age |
| 13:04 | Construir | House |
| 13:16 | Investigar | Loom |
| 13:36 | Edad | Edad Feudal |
| 13:40 | Construir | Market |
| 13:56 | Construir | Stone Wall |
| 14:02 | Investigar | Wheelbarrow |
| 14:19 | Construir | Blacksmith |
| 14:24 | Investigar | Double-Bit Axe |
| 15:28 | Crear | Villager (Male) |
| 16:03 | Investigar | Castle Age |
| 16:27 | Investigar | Horse Collar |
| 16:34 | Construir | Farm |
| 16:35 | Construir | Farm |
| 16:35 | Construir | Farm |
| 16:35 | Construir | Farm |
| 16:36 | Construir | Farm |
| 16:36 | Construir | Farm |
| 16:36 | Construir | Farm |
| 16:37 | Construir | Farm |
| 16:57 | Construir | Gate |
| 17:29 | Construir | Watch Tower |
| 17:34 | Investigar | Fletching |
| 18:26 | Crear | Villager (Male) |
| 18:43 | Edad | Edad de los Castillos |
| 19:00 | Construir | Town Center |
| 19:04 | Crear | Villager (Male) |
| 19:05 | Crear | Villager (Male) |
| 19:49 | Construir | Stone Wall |
| 20:35 | Construir | Gate |
| 20:52 | Crear | Villager (Male) |
| 20:52 | Crear | Villager (Male) |
| 20:53 | Crear | Villager (Male) |
| 20:53 | Crear | Villager (Male) |
| 20:53 | Crear | Villager (Male) |
| 20:59 | Construir | Town Center |
| 21:06 | Crear | Villager (Male) ×3 |
| 22:03 | Construir | Mining Camp |
| 22:09 | Construir | Watch Tower |
| 22:24 | Construir | House |
| 22:26 | Construir | House |
| 22:27 | Construir | House |
| 22:30 | Construir | House |
| 22:31 | Construir | House |
| 22:40 | Crear | Villager (Male) ×4 |
| 22:40 | Crear | Villager (Male) ×4 |
| 22:59 | Construir | Farm |
| 22:59 | Construir | Farm |
| 23:00 | Construir | Farm |
| 23:00 | Construir | Farm |
| 23:00 | Construir | Farm |
| 23:01 | Construir | Farm |
| 23:01 | Construir | Farm |
| 23:19 | Investigar | Bow Saw |
| 23:23 | Construir | Farm |
| 23:55 | Crear | Villager (Male) ×2 |
| 23:56 | Crear | Villager (Male) ×2 |
| 24:02 | Construir | Farm |
| 24:02 | Construir | Farm |
| 24:03 | Construir | Farm |
| 24:03 | Construir | Farm |
| 24:03 | Construir | Farm |
| 24:14 | Crear | Villager (Male) |
| 24:16 | Crear | Trade Cart ×2 |
| 24:39 | Crear | Villager (Male) ×4 |
| 24:39 | Crear | Villager (Male) ×4 |
| 25:07 | Crear | Villager (Male) ×3 |
| 25:23 | Construir | Town Center |
| 25:30 | Crear | Villager (Male) ×4 |
| 26:02 | Construir | Monastery |
| 26:08 | Construir | Monastery |
| 26:18 | Crear | Villager (Male) |
| 26:19 | Crear | Villager (Male) |
| 26:21 | Investigar | Heavy Plow |
| 26:23 | Crear | Villager (Male) ×3 |
| 26:27 | Crear | Monk |
| 26:29 | Crear | Monk |
| 26:43 | Construir | Castle |
| 26:49 | Crear | Villager (Male) ×4 |
| 26:50 | Crear | Villager (Male) ×4 |
| 26:55 | Construir | Farm |
| 26:56 | Construir | Farm |
| 26:56 | Construir | Farm |
| 26:56 | Construir | Farm |
| 26:57 | Construir | Farm |
| 27:05 | Construir | Farm |
| 27:49 | Crear | Villager (Male) ×5 |
| 28:10 | Construir | Mill |
| 28:10 | Construir | Farm |
| 28:11 | Construir | Farm |
| 28:11 | Construir | Farm |
| 28:11 | Construir | Farm |
| 28:12 | Construir | Farm |
| 28:12 | Construir | Farm |
| 28:12 | Construir | Farm |
| 28:12 | Construir | Farm |
| 28:13 | Construir | Farm |
| 28:13 | Construir | Farm |
| 28:14 | Construir | Farm |
| 28:14 | Construir | Farm |
| 28:25 | Crear | Monk |
| 28:31 | Construir | House |
| 28:32 | Construir | House |
| 29:06 | Crear | Villager (Male) ×5 |
| 29:07 | Crear | Villager (Male) ×5 |
| 29:07 | Crear | Villager (Male) ×5 |
| 29:07 | Crear | Villager (Male) ×5 |
| 29:08 | Crear | Villager (Male) ×4 |
| 29:16 | Crear | Villager (Male) |
| 29:16 | Crear | Villager (Male) |
| 29:41 | Construir | Lumber Camp |
| 29:47 | Investigar | Bodkin Arrow |
| 29:51 | Construir | University |
| 30:00 | Investigar | Eupseong |
| 30:03 | Crear | Villager (Male) ×2 |
| 30:04 | Crear | Villager (Male) ×2 |
| 30:04 | Crear | Villager (Male) |
| 30:18 | Investigar | Gold Mining |
| 30:39 | Construir | Farm |
| 30:43 | Crear | Villager (Male) ×5 |
| 30:44 | Crear | Villager (Male) ×3 |
| 30:44 | Crear | Villager (Male) ×3 |
Cronología de la partida
| 3:06 | durinikjakub1 · wall_segment Palisade Wall x24 |
| 3:32 | The Outpost Man · wall_segment Palisade Wall x27 |
| 3:48 | The Outpost Man · wall_segment Palisade Wall x14 |
| 4:01 | The Outpost Man · wall_segment Palisade Wall x8 |
| 6:17 | durinikjakub1 · wall_segment Palisade Wall x4 |
| 11:53 | durinikjakub1 · age_up feudal |
| 12:27 | phesant_SK · age_up feudal |
| 12:30 | MIGEL TECHEIROS · age_up feudal |
| 12:31 | kosspavol222 · age_up feudal |
| 12:40 | eliezerfishman17 · first_building Barracks |
| 13:03 | The Outpost Man · age_up feudal |
| 13:18 | The Outpost Man · wall_segment Stone Wall x29 |
| 13:36 | Haniek!! · age_up feudal |
| 13:56 | Haniek!! · wall_segment Stone Wall x26 |
| 14:02 | kunal-AOE · age_up feudal |
| 16:00 | Haniek!! · first_market_buy 100 food |
| 16:23 | phesant_SK · age_up castle |
| 16:46 | kunal-AOE · age_up castle |
| 17:11 | phesant_SK · wall_segment Stone Wall x27 |
| 17:16 | kosspavol222 · age_up castle |
| 17:22 | The Outpost Man · first_market_buy 100 food |
| 17:42 | The Outpost Man · age_up castle |
| 18:00 | eliezerfishman17 · age_up feudal |
| 18:15 | durinikjakub1 · age_up castle |
| 18:24 | phesant_SK · wall_segment Stone Wall x25 |
| 18:25 | MIGEL TECHEIROS · age_up castle |
| 18:33 | MIGEL TECHEIROS · wall_segment Stone Wall x13 |
| 18:43 | Haniek!! · age_up castle |
| 19:49 | Haniek!! · wall_segment Stone Wall x30 |
| 20:50 | kunal-AOE · first_building Monastery |
| 20:52 | MIGEL TECHEIROS · wall_segment Stone Wall x1 |
| 21:03 | kosspavol222 · wall_segment Stone Wall x1 |
| 21:56 | eliezerfishman17 · first_building Stable |
| 22:11 | phesant_SK · wall_segment Stone Wall x3 |
| 22:11 | kunal-AOE · first_building Castle |
| 22:12 | phesant_SK · wall_segment Stone Wall x1 |
| 22:13 | phesant_SK · wall_segment Stone Wall x1 |
| 22:27 | phesant_SK · first_building Siege Workshop |
| 22:32 | kosspavol222 · first_market_sell 100 wood |
| 22:33 | kosspavol222 · first_market_buy 100 stone |
| 22:55 | kosspavol222 · first_building Castle |
| 23:43 | eliezerfishman17 · age_up castle |
| 24:02 | eliezerfishman17 · first_building Castle |
| 24:36 | The Outpost Man · first_building Castle |
| 25:03 | kunal-AOE · first_building Stable |
| 25:50 | durinikjakub1 · first_building Siege Workshop |
| 26:02 | Haniek!! · first_building Monastery |
| 26:23 | phesant_SK · first_building Barracks |
| 26:43 | Haniek!! · first_building Castle |
| 27:26 | durinikjakub1 · first_building Castle |
| 27:44 | kunal-AOE · first_building Siege Workshop |
| 29:33 | MIGEL TECHEIROS · first_building Castle |
| 29:45 | phesant_SK · first_building Monastery |
| 29:56 | MIGEL TECHEIROS · first_building Monastery |
| 30:34 | The Outpost Man · first_building Siege Workshop |
| 30:41 | The Outpost Man · first_building Barracks |
| 30:41 | durinikjakub1 · first_building Barracks |
| 31:07 | eliezerfishman17 · first_building Archery Range |
| 32:01 | kosspavol222 · first_building Monastery |
| 32:24 | The Outpost Man · first_building Stable |
| 32:34 | kosspavol222 · age_up imperial |
| 32:45 | durinikjakub1 · first_market_buy 100 food |
| 33:28 | The Outpost Man · age_up imperial |
| 33:50 | phesant_SK · age_up imperial |
| 34:28 | phesant_SK · first_building Castle |
| 34:38 | MIGEL TECHEIROS · age_up imperial |
| 34:53 | Haniek!! · first_building Siege Workshop |
| 35:14 | MIGEL TECHEIROS · first_market_sell 100 food |
| 35:42 | kunal-AOE · age_up imperial |
| 35:51 | Haniek!! · first_building Barracks |
| 36:00 | durinikjakub1 · age_up imperial |
| 36:08 | The Outpost Man · first_market_sell 100 food |
| 36:40 | Haniek!! · age_up imperial |
| 39:40 | kunal-AOE · first_building Archery Range |
| 40:37 | eliezerfishman17 · age_up imperial |
| 41:32 | eliezerfishman17 · first_market_sell 100 stone |
| 44:36 | kosspavol222 · tribute_sent a jugador 1 |
| 44:36 | kosspavol222 · tribute_sent a jugador 3 |
| 44:36 | kosspavol222 · tribute_sent a jugador 4 |
| 44:36 | kosspavol222 · tribute_sent a jugador 5 |
| 44:36 | kosspavol222 · tribute_sent a jugador 6 |
| 44:36 | kosspavol222 · tribute_sent a jugador 7 |
| 44:36 | kosspavol222 · tribute_sent a jugador 8 |
| 45:35 | eliezerfishman17 · first_market_buy 100 stone |
| 46:48 | MIGEL TECHEIROS · first_building Barracks |
| 47:24 | kunal-AOE · wall_segment Stone Wall x5 |
| 47:26 | eliezerfishman17 · tribute_sent a jugador 2 |
| 47:26 | eliezerfishman17 · tribute_sent a jugador 3 |
| 47:26 | eliezerfishman17 · tribute_sent a jugador 4 |
| 47:26 | eliezerfishman17 · tribute_sent a jugador 5 |
| 47:26 | eliezerfishman17 · tribute_sent a jugador 6 |
| 47:26 | eliezerfishman17 · tribute_sent a jugador 7 |
| 47:26 | eliezerfishman17 · tribute_sent a jugador 8 |
| 47:37 | kunal-AOE · wall_segment Stone Wall x13 |
| 47:56 | kunal-AOE · wall_segment Palisade Wall x1 |
| 50:27 | eliezerfishman17 · tribute_sent a jugador 2 |
| 50:27 | eliezerfishman17 · tribute_sent a jugador 3 |
| 50:27 | eliezerfishman17 · tribute_sent a jugador 4 |
| 50:27 | eliezerfishman17 · tribute_sent a jugador 5 |
| 50:27 | eliezerfishman17 · tribute_sent a jugador 6 |
| 50:27 | eliezerfishman17 · tribute_sent a jugador 7 |
| 50:27 | eliezerfishman17 · tribute_sent a jugador 8 |
| 50:57 | kunal-AOE · first_building Barracks |
| 51:08 | Haniek!! · first_market_sell 500 food |
| 51:41 | MIGEL TECHEIROS · first_building Stable |
| 55:38 | Haniek!! · tribute_sent a jugador 1 |
| 55:38 | Haniek!! · tribute_sent a jugador 2 |
| 55:38 | Haniek!! · tribute_sent a jugador 3 |
| 55:38 | Haniek!! · tribute_sent a jugador 4 |
| 55:38 | Haniek!! · tribute_sent a jugador 5 |
| 55:38 | Haniek!! · tribute_sent a jugador 6 |
| 55:38 | Haniek!! · tribute_sent a jugador 8 |
| 58:40 | MIGEL TECHEIROS · first_building Archery Range |
| 58:53 | eliezerfishman17 · wall_segment Stone Wall x13 |
| 59:25 | kunal-AOE · first_market_sell 500 wood |
| 59:31 | phesant_SK · tribute_sent a jugador 1 |
| 59:31 | phesant_SK · tribute_sent a jugador 2 |
| 59:31 | phesant_SK · tribute_sent a jugador 3 |
| 59:31 | phesant_SK · tribute_sent a jugador 5 |
| 59:31 | phesant_SK · tribute_sent a jugador 6 |
| 59:31 | phesant_SK · tribute_sent a jugador 7 |
| 59:31 | phesant_SK · tribute_sent a jugador 8 |
| 59:41 | eliezerfishman17 · wall_segment Stone Wall x12 |
| 60:04 | The Outpost Man · resign |
| 60:28 | MIGEL TECHEIROS · first_building Siege Workshop |
| 61:52 | MIGEL TECHEIROS · wall_segment Stone Wall x6 |
| 62:53 | eliezerfishman17 · wall_segment Stone Wall x11 |
[ ANÁLISIS IA · 1 CRÉDITO ]
¿Qué pasó realmente en esta partida?
Wolo.gg analiza cada decisión: build order, eco, micro, errores típicos por bracket. Análisis personalizado por WhatsApp o Discord en 30 segundos.
Guía civ
Persas
Guía mapa
Amazon Tunnel
Perfil
MIGEL TECHEIROS